Map: 2000 Atmospheres LE

Players

Dakrin - Winner!

  • Race: Protoss Protoss
  • League: Silver

Chrisern

  • Race: Terran Terran
  • League: Bronze

VOD

Have the link to the VOD?

Description

Time

  • Played on: July 25, 2021, 5:13 a.m.
  • Length: 4:45
Show
View Real Time Build Order
Export as new Build Order

Dakrin Protoss - Winner!

Build Orders:  

Get SALT Encoding   

  12  0:00  Probe  
  13  0:13  Probe  
  14  0:17  Pylon  
  14  0:25  Probe  
  15  0:35  Gateway  
  15  0:37  Probe  
  16  0:44  Assimilator  
  16  0:49  Probe  
  17  1:01  Probe  
  17  1:03  Assimilator  
  18  1:15  Probe  
  19  1:20  Gateway  
  19  1:23  Cybernetics Core  
  19  1:27  Probe  
  20  1:41  Pylon  
  20  1:53  Probe  
  21  2:03  Pylon  
  21  2:07  Stalker  
  23  2:08  Stalker  
  23  2:11  Warp Gate (Chrono Boost)  
  23  2:15  Probe  
  26  2:27  Probe  
  27  2:31  Gateway  
  27  2:45  Gateway  
  27  2:58  Stalker x2  
  30  3:21  Stalker  
  32  3:44  Pylon  
  32  3:52  Stalker  
  32  3:53  Stalker  
  32  3:54  Stalker  
  38  4:09  Pylon  
  38  4:15  Stalker  
  38  4:16  Stalker x2  
  44  4:18  Stalker  
Show
View Real Time Build Order
Export as new Build Order

Chrisern Terran 

Build Orders:  

Get SALT Encoding   

  12  0:00  SCV  
  13  0:12  SCV  
  14  0:17  Supply Depot  
  14  0:24  SCV  
  15  0:38  SCV  
  15  0:40  Barracks  
  16  0:46  Refinery  
  16  0:50  SCV  
  17  1:02  SCV  
  18  1:06  Supply Depot  
  18  1:14  SCV  
  19  1:27  SCV, Marine  
  21  1:35  Refinery  
  21  1:39  SCV  
  22  1:45  Reaper  
  23  1:51  SCV  
  24  2:03  SCV  
  25  2:13  Supply Depot  
  25  2:17  Marine  
  25  2:19  Orbital Command  
  26  2:25  Bunker  
  26  2:35  Marine  
  27  2:38  Factory  
  27  2:46  SCV, Supply Depot  
  28  2:53  Marine  
  28  2:58  SCV  
  28  3:05  Supply Depot  
  29  3:10  SCV  
  29  3:11  Marine  
  31  3:22  SCV  
  31  3:26  Command Center  
  32  3:28  Marine  
  32  3:30  Factory Tech Lab  
  33  3:35  SCV  
  34  3:45  Armory  
  34  3:46  Marine  
  34  3:47  SCV  
  36  3:48  Starport  
  35  3:57  Siege Tank  
  35  3:59  SCV  
  39  4:11  SCV  
  40  4:18  Factory  
Tags
 
Add a new tag
Caveats
  • Supply blocks, unpowered buildings, or Contaminate may cause inaccurate times.
  • Supply counts are checked every 10 seconds.